 Dungeon Crawl Stone Soup version 0.25.0-1-g7eea58d2a3 (console) character file.

Game seed: 18019063446549964440

298 AlterAsc the Insei (level 6, -1/47 HPs)
             Began as a Gnoll Transmuter on June 14, 2020.
             Killed by divine providence
             ... invoked by an orc priest
              (13 damage)
             ... on level 4 of the Dungeon.
             The game lasted 00:08:57 (3781 turns).

AlterAsc the Insei (Gnoll Transmuter)               Turns: 3781, Time: 00:08:57

Health: -1/47      AC:  6    Str: 14    XL:     6   Next: 36%
Magic:  14/14      EV: 13    Int: 15    God:
Gold:   81         SH:  0    Dex: 16    Spells: 14/15 levels left

rFire    . . .     SeeInvis .     - Unarmed
rCold    . . .     Gourm    .   (no shield)
rNeg     . . .     Faith    .   l - +0 ring mail
rPois    .         Spirit   .   (no helmet)
rElec    .         Reflect  .   k - +0 cloak
rCorr    .         Harm     .   (no gloves)
MR       .....                  (no boots)
Stlth    +.........             (no amulet)
HPRegen  0.15/turn              (no ring)
MPRegen  0.14/turn              (no ring)

@: no status effects
A: distributed training, fangs 1, strong nose
a: no special abilities


You were on level 4 of the Dungeon.
You were not hungry.

You visited 1 branch of the dungeon, and saw 4 of its levels.

You collected 81 gold pieces.

Inventory:

Missiles
 a - 96 arrows
 i - 6 poisoned darts (quivered)
Armour
 b - a +0 robe
 e - a +0 leather armour
 k - a +0 cloak (worn)
 l - a +0 ring mail (worn)
Wands
 g - a wand of iceblast (7)
Scrolls
 f - a scroll of fog {unknown}
 m - a scroll of teleportation {unknown}
 o - 2 scrolls of remove curse
 p - 2 scrolls of identify {unknown}
 q - a scroll of enchant weapon {unknown}
Potions
 h - 2 potions of mutation {unknown}
 j - a potion of magic {unknown}
Comestibles
 c - 2 chunks of flesh
 d - 9 rations


   Skills:
 + Level 3.2 Fighting
 + Level 1.9 Short Blades
 + Level 1.9 Long Blades
 + Level 1.9 Axes
 + Level 1.9 Maces & Flails
 + Level 1.9 Polearms
 + Level 1.9 Staves
 + Level 1.9 Slings
 + Level 1.9 Bows
 + Level 1.9 Crossbows
 + Level 1.9 Throwing
 + Level 1.9 Armour
 + Level 4.9 Dodging
 + Level 1.9 Stealth
 + Level 1.9 Shields
 + Level 6.8 Unarmed Combat
 + Level 5.3 Spellcasting
 + Level 1.5 Conjurations
 + Level 1.5 Hexes
 + Level 1.5 Charms
 + Level 1.5 Summonings
 + Level 1.5 Necromancy
 + Level 1.5 Translocations
 + Level 4.1 Transmutations
 + Level 1.5 Fire Magic
 + Level 1.5 Ice Magic
 + Level 1.5 Air Magic
 + Level 1.5 Earth Magic
 + Level 1.5 Poison Magic
 + Level 2.1 Invocations
 + Level 1.9 Evocations


You had 14 spell levels left.
You knew the following spells:

 Your Spells              Type           Power        Failure   Level  Hunger
a - Beastly Appendage     Tmut           ###...       6%          1    None

Your spell library contained the following spells:

 Spells                   Type           Power        Failure   Level  Hunger
 Sticks to Snakes         Tmut           ###.....     9%          2    #......
 Spider Form              Tmut/Pois      ##........   30%         3    ###....
 Ice Form                 Ice/Tmut       ##......     69%         4    ####...
 Blade Hands              Tmut           ###.......   85%         5    ######.


Dungeon Overview and Level Annotations

Branches:
Dungeon (4/15)
 Temple: D:4-7

Altars:
Elyvilon
Fedhas

Annotations:
D:2 2 transporters, Sigmund


Innate Abilities, Weirdness & Mutations

Your experience applies equally to all skills.
You have very sharp teeth.
Your uncanny sense of smell can sniff out nearby items.


Message History

* * * LOW HITPOINT WARNING * * *
You hit the orc priest.
You bite the orc priest, but do no damage.
The orc priest is severely wounded.
The orc priest hits you but does no damage.
You barely miss the orc priest.
The orc priest is severely wounded.
The orc priest hits you but does no damage.
You closely miss the orc priest.
The orc priest is severely wounded.
The orc priest misses you.
You hit the orc priest but do no damage.
You bite the orc priest, but do no damage.
The orc priest is severely wounded.
The orc priest barely misses you.
You hit the orc priest.
The orc priest is almost dead.
The orc priest mumbles some strange prayers to Beogh against you.
Beogh smites you!
You die...

#.......#### ##.......
##........## #.......
#..........# #.......
##.........# ###......
####........# ###...#####
####....#....#####...###
#.........#######.....#### .
...........#####...).....####
........###..o@...............#
...#######...#.................
....#####...####...............
.......#..### ##..............
.......†.## ##.............
.......%## ##)...........
..........# ##...........
..........(# ##..........
............. ##........<


You could see an orc priest.

Vanquished Creatures
  A howler monkey (D:4)
  2 orc priests (D:2)
  An orc wizard (D:3)
  Jessica (D:2)
  A worker ant (D:4)
  3 adders
  An ooze (D:1)
  A worm (D:2)
  3 dart slugs
  2 leopard geckos
  10 orcs
  2 giant cockroaches
  8 goblins
  8 hobgoblins
  4 jackals
  7 kobolds
  A quokka (D:2)
  8 bats
  4 frilled lizards
  A quokka skeleton (D:4)
  9 rats
78 creatures vanquished.

Notes
Turn   | Place    | Note
-------+----------+-------------------------------------------
     0 | D:1      | AlterAsc the Gnoll Transmuter began the quest for the Orb.
     0 | D:1      | Reached XP level 1. HP: 17/17 MP: 6/6
    52 | D:1      | Reached XP level 2. HP: 14/23 MP: 7/7
   672 | D:1      | Reached XP level 3. HP: 28/28 MP: 9/9
   699 | D:1      | Reached skill level 5 in Spellcasting
  1337 | D:2      | Reached skill level 1 in Invocations
  1431 | D:2      | Noticed Jessica
  1436 | D:2      | Killed Jessica
  1436 | D:2      | Reached skill level 1 in Short Blades
  1436 | D:2      | Reached skill level 1 in Long Blades
  1436 | D:2      | Reached skill level 1 in Axes
  1436 | D:2      | Reached skill level 1 in Maces & Flails
  1436 | D:2      | Reached skill level 1 in Polearms
  1436 | D:2      | Reached skill level 1 in Staves
  1436 | D:2      | Reached skill level 1 in Slings
  1436 | D:2      | Reached skill level 1 in Bows
  1436 | D:2      | Reached skill level 1 in Crossbows
  1436 | D:2      | Reached skill level 1 in Throwing
  1436 | D:2      | Reached skill level 1 in Armour
  1436 | D:2      | Reached skill level 1 in Stealth
  1436 | D:2      | Reached skill level 1 in Shields
  1436 | D:2      | Reached skill level 1 in Evocations
  1436 | D:2      | Reached XP level 4. HP: 26/34 MP: 11/11
  1638 | D:2      | Noticed Sigmund
  1822 | D:2      | Found a white marble altar of Elyvilon.
  1826 | D:2      | Found a transporter.
  1836 | D:2      | Found a transporter.
  1974 | D:2      | Reached skill level 1 in Conjurations
  1974 | D:2      | Reached skill level 1 in Hexes
  1974 | D:2      | Reached skill level 1 in Charms
  1974 | D:2      | Reached skill level 1 in Summonings
  1974 | D:2      | Reached skill level 1 in Necromancy
  1974 | D:2      | Reached skill level 1 in Translocations
  1974 | D:2      | Reached skill level 1 in Fire Magic
  1974 | D:2      | Reached skill level 1 in Ice Magic
  1974 | D:2      | Reached skill level 1 in Air Magic
  1974 | D:2      | Reached skill level 1 in Earth Magic
  1974 | D:2      | Reached skill level 1 in Poison Magic
  2168 | D:2      | Found a blossoming altar of Fedhas.
  2330 | D:2      | Reached XP level 5. HP: 9/40 MP: 12/12
  3178 | D:3      | Reached XP level 6. HP: 45/47 MP: 13/13
  3781 | D:4      | Killed from afar by an orc priest

Illustrated notes

Levels and vault maps discovered:
D:1:      minmay_arrival_diagonal_passages, layout_basic
D:2:      layout_rooms, gammafunk_temple_overflow_arena, old_standard_altar,
          first_ration, uniq_sigmund, uniq_jessica
D:3:      layout_rooms, lemuel_another_geyser
D:4:      layout_cave_pods, minmay_temple_entry_proselytizer, serial_shops,
          shop, minmay_misc_feat_more_columns

Skill      XL: |  1  2  3  4  5  6 |
---------------+-------------------+-----
Spellcasting   | 5 |  5.3
Invocations    | 1 2 |  2.1
Short Blades   | 1 |  1.9
Long Blades    | 1 |  1.9
Axes           | 1 |  1.9
Maces & Flails | 1 |  1.9
Polearms       | 1 |  1.9
Staves         | 1 |  1.9
Slings         | 1 |  1.9
Bows           | 1 |  1.9
Crossbows      | 1 |  1.9
Throwing       | 1 |  1.9
Armour         | 1 |  1.9
Stealth        | 1 |  1.9
Shields        | 1 |  1.9
Evocations     | 1 |  1.9
Conjurations   | 1 |  1.5
Hexes          | 1 |  1.5
Charms         | 1 |  1.5
Summonings     | 1 |  1.5
Necromancy     | 1 |  1.5
Translocations | 1 |  1.5
Fire Magic     | 1 |  1.5
Ice Magic      | 1 |  1.5
Air Magic      | 1 |  1.5
Earth Magic    | 1 |  1.5
Poison Magic   | 1 |  1.5
Fighting       | 3 |  3.2
Transmutations | 4 |  4.1
Dodging        | |  4.9
Unarmed Combat | |  6.8

Action                   |  1- 3 |  4- 6 || total
-------------------------+-------+-------++-------
Melee: Unarmed           |    81 |   186 ||   267
       Bite              |     7 |    19 ||    26
       Punch             |     1 |     5 ||     6
  Use: Potion            |       |     4 ||     4
       Scroll            |       |     1 ||     1
 Stab: Sleeping          |     1 |     1 ||     2
       Distracted        |       |     2 ||     2
  Eat: Chunk             |     1 |     8 ||     9
Armor: Leather armour    |    12 |    25 ||    37
       Ring mail         |       |     9 ||     9
Dodge: Dodged            |    55 |   148 ||   203
